 Dungeon Crawl Stone Soup version 0.24.0-123-gd5b16e6ec5 (webtiles) character file.

Game seed: 4211950370185577544, levelgen mode: deterministic

3345 hazymike the Insei (level 10, -1/65 HPs)
             Began as an Octopode Venom Mage on Feb 5, 2020.
             Was a Priest of the Shining One.
             Slain by a two-headed ogre
             ... wielding a +0 giant spiked club
              (21 damage)
             ... on level 8 of the Dungeon.
             The game lasted 01:04:02 (10587 turns).

hazymike the Insei (Octopode Venom Mage)           Turns: 10587, Time: 01:04:03

Health: -1/65      AC:  1    Str:  7    XL:     10   Next: 2%
Magic:  16/16      EV: 15    Int: 24    God:    the Shining One [***...]
Gold:   328        SH:  9    Dex: 12    Spells: 3/17 levels left

rFire    . . .     SeeInvis .   s - +6 long sword "Laadomnylo" {speed, Int+4 Dex-2}
rCold    . . .     Gourm    .   h - +0 buckler
rNeg     + . .     Faith    .   (helmet restricted)
rPois    .         Spirit   .   j - +5 amulet of reflection
rElec    .         Reflect  +   (no ring)
rCorr    .         Harm     .   (no ring)
MR       .....                  (no ring)
Stlth    ++........             (no ring)
HPRegen  0.20/turn              (no ring)
MPRegen  0.15/turn              (no ring)
                                (no ring)
                                (no ring)

@: glowing
A: almost no armour, stealthy swim, amphibious, 8 rings, constrict 8, camouflage
1, gelatinous body 1
a: Divine Shield, Renounce Religion


You were on level 8 of the Dungeon.
You worshipped the Shining One.
The Shining One was most pleased with you.
You were near starving.

You visited 1 branch of the dungeon, and saw 8 of its levels.

You collected 328 gold pieces.

Inventory:

Hand Weapons
 s - the +6 long sword "Laadomnylo" (weapon) {speed, Int+4 Dex-2}
   (You found it on level 3 of the Dungeon)

   Attacks with this weapon are significantly faster.
   It affects your intelligence (+4).
   It affects your dexterity (-2).
Missiles
 v - 34 poisoned darts (quivered)
 y - 3 throwing nets
Armour
 h - a +0 buckler (worn)
Jewellery
 g - an uncursed amulet of regeneration
 j - a +5 amulet of reflection (around mantle)
 B - an uncursed ring of protection from fire
Wands
 a - a wand of digging (3)
 u - a wand of iceblast (12)
 z - a wand of acid (9)
Scrolls
 c - a scroll of random uselessness {unknown}
 d - a scroll of vulnerability {unknown}
 f - 2 scrolls of identify
 i - 3 scrolls of fog
 l - 7 scrolls of teleportation
 o - a scroll of magic mapping
 p - a scroll of immolation
 x - 3 scrolls of remove curse
Potions
 e - 2 potions of agility
 k - 2 potions of lignification {unknown}
 m - 2 potions of might {unknown}
 n - a potion of brilliance
 q - 3 potions of curing
 r - 2 potions of berserk rage
 t - a potion of haste {unknown}
 w - a potion of ambrosia {unknown}
Comestibles
 b - 21 rations


   Skills:
 + Level 4.9 Fighting
   Level 0.1 Short Blades
 - Level 0.1 Throwing
 + Level 5.2 Dodging
 - Level 3.0 Stealth
 * Level 3.6 Shields
 * Level 6.5 Unarmed Combat
 - Level 4.0 Spellcasting
 - Level 4.0 Conjurations
 + Level 1.8 Fire Magic
 - Level 2.0 Air Magic
 - Level 6.0 Poison Magic
 + Level 5.0 Invocations


You had 3 spell levels left.
You knew the following spells:

 Your Spells              Type           Power        Failure   Level  Hunger
a - Sting                 Conj/Pois      ####         1%          1    None
b - Poisonous Vapours     Pois/Air       ###...       3%          2    #......
c - Mephitic Cloud        Conj/Pois/Air  ###.....     6%          3    ##.....
d - Venom Bolt            Conj/Pois      ####......   34%         5    ######.
e - Conjure Flame         Conj/Fire      ###.....     9%          3    ##.....

Your spell library contained the following spells:

 Spells                   Type           Power        Failure   Level  Hunger
 Flame Tongue             Conj/Fire      ###..        3%          1    None
 Throw Flame              Conj/Fire      ###...       4%          2    #......
 Inner Flame              Hex/Fire       #.......     21%         3    ##.....
 Olgreb's Toxic Radiance  Pois           ####....     9%          4    ####...
 Sticky Flame             Conj/Fire      ###.....     30%         4    ####...
 Fireball                 Conj/Fire      ###.......   63%         5    ######.


Dungeon Overview and Level Annotations

Branches:
Dungeon (8/15)             Temple (0/1) D:7
   Lair: D:8-11

Altars:
Zin
The Shining One

Annotations:
D:1 exclusion: minotaur
D:2 1 runed translucent door, exclusion: door, Crazy Yiuf
D:6 1 runed translucent door


Innate Abilities, Weirdness & Mutations

You cannot wear most types of armour.
You are very stealthy in the water. (Stealth+)
You are amphibious.
You can wear up to eight rings at the same time.
You can use your tentacles to constrict eight enemies at once.
Your skin changes colour to match your surroundings (Stealth+).
Your rubbery body absorbs attacks. (AC +1, EV +1)


Message History

You hit the two-headed ogre. You squeeze the two-headed ogre.
The two-headed ogre is heavily wounded.
The two-headed ogre hits you with a +0 giant spiked club!!
* * * LOW HITPOINT WARNING * * *
The two-headed ogre closely misses you.
The two-headed ogre seems less confused.
Things that are here:
a +0 leather armour; a +0 whip
Items here: ( ))) 7 arrows; a +0 shortbow; a +0 spear x2
You see here a +0 shortbow.
Things that are here:
a +0 leather armour; a +0 whip
Items here: ( ))) 7 arrows; a +0 shortbow; a +0 spear x2
You see here a +0 shortbow.
There is a stone staircase leading up, spattered with blood here.
The two-headed ogre barely misses you.
The two-headed ogre hits you with a +0 giant club!!
You die...

###...... ........#
#......$# ###.....#
##....## ###......#
#........# #### #####
.........###..#####...##
..........#.....@......##
...............O........#
##.......[.........###..#
#.....(......###..# #..#
#.....###...## ##.# ##.#
#...... ##..# #.## #.#
.†##... #..# #..###.# .#
#... #..# ##.##..# ...
#..# #.##..#


You could see a two-headed ogre.

Vanquished Creatures
  A hippogriff (D:7)
  A spriggan (D:7)
  Menkaure (D:7)
  An orc warrior (D:6)
  A black bear (D:7)
  A sky beast (D:6)
  4 ogres
  2 phantoms
  4 centaurs
  4 bullfrogs
  Blork the orc (D:5)
  4 scorpions
  4 killer bees (D:7)
  5 wights
  A howler monkey (D:7)
  A bullfrog zombie (D:7)
  2 crimson imps
  2 centaur zombies
  A quasit (D:7)
  6 hounds
  An orc priest (D:5)
  A gnoll shaman (D:8)
  An iguana (D:7)
  Ijyb (D:3)
  3 orc wizards
  A worker ant (D:4)
  A killer bee zombie (D:8)
  2 hound skeletons
  A worker ant zombie (D:7)
  7 gnolls
  6 adders
  3 oozes
  3 worms
  2 dart slugs
  3 leopard geckos
  16 orcs
  4 bats
  9 giant cockroaches
  11 hobgoblins
  4 jackals
  A quokka (D:4)
  3 ball pythons
  3 frilled lizards
  8 goblins
  2 jackal skeletons (D:4)
  9 kobolds
  A leopard gecko zombie (D:7)
  3 rats (D:2)
157 creatures vanquished.

Notes
Turn   | Place    | Note
-------+----------+-------------------------------------------
     0 | D:1      | hazymike the Octopode Venom Mage began the quest for the
                  | Orb.
     0 | D:1      | Reached XP level 1. HP: 11/11 MP: 3/3
     3 | D:1      | Noticed a gargoyle
     3 | D:1      | Noticed a vine stalker
     6 | D:1      | Noticed a felid
     8 | D:1      | Noticed an octopode
    10 | D:1      | Noticed an elf
    14 | D:1      | Noticed a minotaur
    14 | D:1      | Noticed a spriggan
    18 | D:1      | Noticed a minotaur zombie
   283 | D:1      | Reached XP level 2. HP: 18/18 MP: 3/5
   287 | D:1      | Learned a level 2 spell: Poisonous Vapours
  1254 | D:2      | Reached skill level 1 in Fighting
  1366 | D:2      | Reached XP level 3. HP: 23/23 MP: 4/6
  1568 | D:2      | Learned a level 3 spell: Mephitic Cloud
  2054 | D:2      | Found a runed translucent door.
  2055 | D:2      | Noticed Crazy Yiuf
  2128 | D:2      | Reached XP level 4. HP: 28/28 MP: 3/7
  2568 | D:2      | Reached skill level 1 in Air Magic
  3028 | D:3      | Found a faded altar of an unknown god.
  3036 | D:3      | Became a worshipper of the Shining One
  3036 | D:3      | Reached * piety under the Shining One
  3226 | D:3      | Reached XP level 5. HP: 33/33 MP: 6/9
  3721 | D:3      | Got a faintly glowing long sword
  3725 | D:3      | Identified the +6 long sword "Laadomnylo" {speed, Int+4
                  | Dex-2} (You found it on level 3 of the Dungeon)
  3761 | D:3      | Noticed Ijyb
  3771 | D:3      | Killed Ijyb
  4261 | D:4      | Reached skill level 1 in Unarmed Combat
  4497 | D:4      | Reached skill level 1 in Invocations
  4548 | D:4      | Reached XP level 6. HP: 39/39 MP: 7/10
  5160 | D:5      | Entered Level 5 of the Dungeon
  5303 | D:5      | Reached XP level 7. HP: 45/45 MP: 4/11
  5635 | D:5      | Reached ** piety under the Shining One
  5875 | D:5      | Noticed Blork the orc
  5893 | D:5      | Killed Blork the orc
  6120 | D:5      | Learned a level 5 spell: Venom Bolt
  6625 | D:6      | Reached XP level 8. HP: 52/52 MP: 10/13
  6782 | D:6      | Found a glowing silver altar of Zin.
  6782 | D:6      | Found a runed translucent door.
  6782 | D:6      | Noticed an angel
  6996 | D:6      | Reached skill level 5 in Unarmed Combat
  6996 | D:6      | Reached skill level 5 in Poison Magic
  7281 | D:7      | Reached XP level 9. HP: 58/58 MP: 10/15
  7469 | D:7      | Found a staircase to the Ecumenical Temple.
  7499 | D:7      | Reached skill level 1 in Shields
  7638 | D:7      | Noticed Menkaure
  7643 | D:7      | Killed Menkaure
  7874 | D:7      | Learned a level 3 spell: Conjure Flame
  8526 | D:7      | Reached *** piety under the Shining One
  8944 | D:7      | Found a staircase to the Ecumenical Temple.
  8981 | D:7      | Reached skill level 1 in Fire Magic
  9223 | D:6      | Reached skill level 5 in Dodging
  9874 | D:8      | Reached XP level 10. HP: 63/65 MP: 16/16
  9904 | D:8      | Reached skill level 5 in Invocations
  9935 | D:8      | Noticed a two-headed ogre
 10587 | D:8      | Slain by a two-headed ogre

Levels and vault maps discovered:
D:1:      shiori_arrival_whats_in_store_for_you, layout_loops_ring
D:2:      layout_basic, uniq_crazy_yiuf_cottage
D:3:      minmay_octagon_keep, layout_basic,
          chequers_ecumenical_altar_simple_redux, first_ration, uniq_ijyb
D:4:      layout_gridville, minmay_tree_intersection
D:5:      layout_basic, uniq_blork_the_orc
D:6:      layout_basic, lemuel_angel_altar
D:7:      layout_basic, minmay_temple_entry_overgrown, the_bakery, uniq_menkaure
D:8:      layout_layer_cave

Skill      XL: |  1  2  3  4  5  6  7  8  9 10 |
---------------+-------------------------------+-----
Poison Magic   | 4 5 6 |  6.0
Fighting       | 1 2 3 4 |  4.9
Conjurations   | 2 3 4 |  4.0
Air Magic      | 1 2 |  2.0
Stealth        | 3 |  3.0
Unarmed Combat | 1 2 4 5 6 |  6.5
Invocations    | 1 2 3 4 5 |  5.0
Spellcasting   | 3 4 |  4.0
Dodging        | 3 4 5 |  5.2
Shields        | 3 |  3.6
Fire Magic     | 1 |  1.8
Short Blades   | |  0.1
Throwing       | |  0.1

Action                   |  1- 3 |  4- 6 |  7- 9 | 10-12 || total
-------------------------+-------+-------+-------+-------++-------
Melee: Short sword       |     8 |     4 |       |       ||    12
       Constrict         |     1 |     5 |    15 |     1 ||    22
       Tentacles         |     1 |     3 |    15 |     3 ||    22
       Long sword        |       |     9 |    85 |    11 ||   105
       Punch             |       |       |     1 |       ||     1
Throw: Stone             |     4 |       |       |       ||     4
       Dart              |       |       |     2 |     1 ||     3
 Cast: Sting             |    50 |     1 |     2 |       ||    53
       Poisonous Vapours |    12 |    56 |   107 |    11 ||   186
       Mephitic Cloud    |       |       |       |     1 ||     1
  Use: Potion            |     1 |       |       |       ||     1
       Scroll            |       |    13 |     1 |       ||    14
  Eat: Chunk             |     5 |    12 |    16 |       ||    33
Armor: Skin              |     2 |     2 |     2 |       ||     6
Dodge: Dodged            |    25 |    13 |    78 |     8 ||   124
Block: Other             |       |       |     7 |       ||     7
       Buckler           |       |       |    28 |     7 ||    35
       Reflection        |       |       |     3 |       ||     3
       Rpst.: Long sword |       |     2 |    23 |     1 ||    26
